 Dungeon Crawl Stone Soup version 0.32-a0-995-gb4a59205af (webtiles) character file.

Game seed: 17826955397614101476

405 senseless the Insei (level 6, -3/63 HPs)
             Began as an Octopode Shapeshifter on Apr 22, 2024.
             Was a Follower of Beogh.
             Slain by an orc
             ... wielding a +0 flail
              (5 damage)
             ... on level 5 of the Dungeon.
             The game lasted 00:05:18 (2935 turns).

senseless the Insei (Octopode Shapeshifter)         Turns: 2935, Time: 00:05:19

Health: -3/63      AC: 23    Str: 13    XL:     6   Next: 87%
Magic:  6/6        EV:  2    Int: 12    God:    Beogh [*.....]
Gold:   119        SH:  5    Dex: 14    Spells: 5/5 levels left

rFire   . .          .
                       - Unarmed
rCold   . . .        (no shield)
rNeg    . . .        (helmet currently unavailable)
rPois   +            k - amulet of reflection
rElec   .            (no ring)
rCorr   .            (no ring)
SInv    .            (no ring)
Will    .....        (no ring)
Stlth   +            (no ring)
HPRegen 0.30/turn    (no ring)
MPRegen 0.10/turn    (no ring)
                     (no ring)

%: reflection
@: tree-form
A: stationary, stasis, torment immunity, boosted hp, almost no armour,
(amphibious), 8 rings, (camouflage 1), (gelatinous body 1), (nimble swimmer 1),
(tentacles)
a: Renounce Religion


You were on level 5 of the Dungeon.
You worshipped Beogh.
Beogh was aware of your devotion.
You were a tree.
You visited 1 branch of the dungeon, and saw 5 of its levels.

You collected 119 gold pieces.

Inventory:

Missiles
 j - 2 throwing nets
Jewellery
 k - an amulet of reflection (around neck)
Talismans
 b - a beast talisman (active)
 c - a flux talisman
Wands
 p - a wand of light (1) (quivered)
Scrolls
 d - a scroll of poison
 f - a scroll of identify
 h - 2 scrolls of revelation {unknown}
 l - a scroll of torment {unknown}
 o - a scroll of enchant weapon {unknown}
 q - a scroll of fog {unknown}
 r - a scroll of summoning {unknown}
 s - a scroll of teleportation {unknown}
 u - a scroll of vulnerability {unknown}
Potions
 e - a potion of mutation {unknown}
 g - a potion of attraction {unknown}
 i - a potion of heal wounds {unknown}
 m - a potion of ambrosia {unknown}
 n - 2 potions of curing {unknown}
 t - a potion of resistance


   Skills:
 + Level 3.3 Fighting
 + Level 3.9 Dodging
 + Level 4.5 Unarmed Combat
 + Level 4.3 Shapeshifting


You had 5 spell levels left.
You didn't know any spells.
Your spell library contained the following spells:

 Spells                   Type           Power      Damage    Failure   Level
 Slow                     Hex            0%         N/A       32%         1
 Confusing Touch          Hex            0%         N/A       69%         3
 Teleport Other           Tloc           0%         N/A       69%         3
 Vampiric Draining        Necr           0%         2d6       69%         3
 Dispersal                Tloc           0%         N/A       100%        6
 Gell's Gavotte           Tloc           0%         2d(11-16) 100%        6


Dungeon Overview and Level Annotations

Branches:
Dungeon (5/15)
 Temple: D:4-7

Altars:
Elyvilon
Okawaru
Zin

Shops:
D:1 *


Innate Abilities, Weirdness & Mutations

You are a tree.
Your roots penetrate the ground, keeping you stationary.
You cannot be teleported.
You are immune to unholy pain and torment.
Your maximum health is greatly increased.
You cannot wear most types of armour.
((You are amphibious.))
You can wear up to eight rings at the same time.
((Your skin changes colour to match your surroundings (Stealth+).))
((Your rubbery body absorbs attacks. (AC +1, EV +1)))
((You are camouflaged when in or above water. (Stealth+)))
((You have tentacles for arms and can constrict up to eight enemies at once.))


Message History

The orc wizard casts a spell.
The orc wizard flickers and vanishes!
Deactivating autopickup; reactivate with Ctrl-A.
You cannot move.
You cannot move.
You barely miss something.
The orc wizard hits you but does no damage.
The orc hits you but does no damage. Something hits you but does no damage.
You miss something. The orc hits you but does no damage. x2
The orc wizard hits you but does no damage.
Something hits you but does no damage.
The black bear bites you but does no damage.
The black bear claws you.
* * * LOW HITPOINT WARNING * * *
The black bear claws you.
* * * LOW HITPOINT WARNING * * *
You smack something!
Beogh accepts your kill.
Reactivating autopickup.
You feel a bit more experienced.
The air fills with toxic fumes!
As you read the scroll labelled YWOVOCZIJEP, it crumbles to dust.
It was a scroll of poison.
The orc wizard hits you but does no damage.
The orc hits you with a +2 mace of protection.
* * * LOW HITPOINT WARNING * * *
The orc hits you but does no damage.
The orc barely misses the orc wizard.
The orc wizard mumbles some strange words.
The orc wizard flickers and vanishes!
Deactivating autopickup; reactivate with Ctrl-A.
The black bear bites you but does no damage.
The black bear claws you but does no damage.
You block the black bear's attack.
As you read the scroll labelled PAOFAK HICW, it crumbles to dust.
It is a scroll of identify.
t - a potion of resistance You block the orc wizard's attack.
The orc hits you but does no damage. The orc hits you with a +0 flail.
You die...
Beogh appreciates the orc's killing of a heretic priest.

##+### ##. §§§§ §§#....
... #§§§ .§§#.... ... §
##§§§ #§§##.^# #####..
§§#§§§§##§§##..##...##..
.§§§§§§§§§#...†....##..
#o§§§§§§#........##..
§§##§{hoo§§+...##+####..
§§§§§§o♣§§§#...##...##..
§§§§§§§##§§##...........
§§##§§§ #.§##...........
#§§§##..§§...........
#§§§.....§§..........
#§§§######§§.........
#### #.§##...##..
#..##...##..
#..#.....#..


You could see a black bear, an orc wizard, 2 orcs and a neutral orc
(distracted).

Vanquished Creatures
  A black bear (D:5)
  A phantom (D:4)
  A bombardier beetle (D:4)
  A hound (D:4)
  2 iguanas
  An orc wizard (D:5)
  An adder (D:4)
  3 dart slugs
  3 ribbon worms
  3 orcs
  10 ball pythons
  8 endoplasms
  4 giant cockroaches
  8 hobgoblins
  3 quokkas
  6 bats
  6 frilled lizards
  6 goblins
  5 kobolds
  4 rats
77 creatures vanquished.

Notes
Turn   | Place    | Note
-------+----------+-------------------------------------------
     0 | D:1      | senseless the Octopode Shapeshifter began the quest for the
                  | Orb.
     0 | D:1      | Reached XP level 1. HP: 13/13 MP: 1/1
   106 | D:1      | Reached XP level 2. HP: 18/18 MP: 2/2
   254 | D:1      | Found Jasacru's General Store.
   546 | D:2      | Reached XP level 3. HP: 23/23 MP: 3/3
  1615 | D:3      | Became a worshipper of Beogh the Shepherd
  1683 | D:3      | Found an iron altar of Okawaru.
  1772 | D:3      | Reached XP level 4. HP: 29/29 MP: 4/4
  2089 | D:4      | Noticed a phantom
  2102 | D:4      | Killed a phantom
  2103 | D:4      | Reached XP level 5. HP: 13/35 MP: 5/5
  2460 | D:4      | Found a glowing silver altar of Zin.
  2487 | D:4      | Found a white marble altar of Elyvilon.
  2500 | D:4      | Reached XP level 6. HP: 38/41 MP: 6/6
  2501 | D:4      | Reached * piety under Beogh
  2854 | D:5      | Entered Level 5 of the Dungeon
  2854 | D:5      | Noticed a black bear
  2857 | D:5      | Killed a black bear
  2922 | D:5      | Noticed a black bear
  2932 | D:5      | HP: 3/63 [black bear (2)]
  2935 | D:5      | Slain by an orc

Illustrated notes

Levels and vault maps discovered:
D:1:      lemuel_arrival_behind_the_door_large, layout_rooms, serial_shops,
          shop, nicolae_the_louvre
D:2:      layout_basic
D:3:      layout_rooms, okawaru_metal_pillars_1_2
D:4:      layout_basic, mainiacjoe_overflow_boulevard, elyvilon_altar_5
D:5:      layout_gridville, st_stairs_5

Skill      XL: |  1  2  3  4  5  6 |
---------------+-------------------+-----
Fighting       | 2 3 |  3.3
Dodging        | 3 |  3.9
Unarmed Combat | 4 |  4.5
Shapeshifting  | 4 |  4.3

Action                     |  1- 3 |  4- 6 || total
---------------------------+-------+-------++-------
  Melee: Unarmed           |    84 |    68 ||   152
         Constrict         |    22 |    12 ||    34
         Tentacles         |    16 |     8 ||    24
         Punch             |     1 |     1 ||     2
 Invoke: Convert to Beogh  |     1 |       ||     1
  Evoke: Wand              |       |     3 ||     3
    Use: Scroll            |       |     2 ||     2
         Potion            |       |     1 ||     1
   Stab: Sleeping          |     7 |     3 ||    10
 Armour: Skin              |    28 |    44 ||    72
  Dodge: Dodged            |    39 |    28 ||    67
  Block: Other             |     9 |    13 ||    22
         Reflection        |       |     1 ||     1

Table legend: (Time is in decaauts)
 A = Elapsed time spent in this place.
 B = Non-inter-level travel time spent in this place.
 C = Inter-level travel time spent in this place.
 D = Time resting spent in this place.
 E = Time spent auto-exploring this place.
 F = Levels seen in this place.
 G = Mean time per level.
                   A        B        C        D        E       F      G
               +--------+--------+--------+--------+--------+-----+--------+
         Total |   2923 |   2767 |    156 |      0 |   2310 |   5 |  584.6 |
       Dungeon |   2923 |   2767 |    156 |      0 |   2310 |   5 |  584.6 |
               +--------+--------+--------+--------+--------+-----+--------+

Top non-repeatable levels by time:
     D:2: 1022 daAuts
     D:4: 864 daAuts
     D:1: 529 daAuts
     D:3: 428 daAuts
     D:5: 79 daAuts
